 Dungeon Crawl Stone Soup version 0.23.1 (webtiles) character file.

Game seed: 13873157215488076249

118 misha the Poker (level 5, -11/41 HPs)
             Began as a Merfolk Gladiator on Mar 1, 2019.
             Killed from afar by Ijyb (18 damage)
             ... with a wand of acid (8)
             ... on level 4 of the Dungeon.
             The game lasted 00:10:15 (3066 turns).

misha the Poker (Merfolk Gladiator)                 Turns: 3066, Time: 00:10:15

Health: -11/41     AC:  4    Str: 15    XL:     5   Next: 2%
Magic:  5/5        EV: 14    Int:  8    God:
Gold:   80         SH:  0    Dex: 15    Spells: 4/4 levels left

rFire    . . .     SeeInvis .   a - +0 trident
rCold    . . .     Gourm    .   (no shield)
rNeg     . . .     Faith    .   b - +0 leather armour
rPois    .         Spirit   .   c - +0 helmet
rElec    .         Reflect  .   (no cloak)
rCorr    .         Harm     .   (no gloves)
MR       .....                  (no boots)
Stlth    +.........             (no amulet)
HPRegen  0.13/turn              (no ring)
MPRegen  0.09/turn              (no ring)

@: no status effects
A: change form in water, swift swim, stealthy swim
a: no special abilities


You were on level 4 of the Dungeon.
You were hungry.

You visited 1 branch of the dungeon, and saw 4 of its levels.

You collected 80 gold pieces.

Inventory:

Hand Weapons
 a - a +0 trident (weapon)
Missiles
 d - 2 throwing nets (quivered)
 h - 22 stones
 l - 11 sling bullets
Armour
 b - a +0 leather armour (worn)
 c - a +0 helmet (worn)
 i - a +0 leather armour
Jewellery
 k - an uncursed amulet of the acrobat {unknown}
Scrolls
 e - a scroll of enchant armour {unknown}
 m - a scroll of remove curse {unknown}
 n - a scroll of identify {unknown}
 q - a scroll of magic mapping {unknown}
Potions
 g - a potion of might {unknown}
 j - a potion of agility {unknown}
 o - a potion of haste {unknown}
 p - a potion of flight {unknown}
Comestibles
 f - 3 rations


   Skills:
 + Level 3.5 Fighting
 * Level 7.1 Polearms
 - Level 2.0 Throwing
 - Level 4.0 Dodging


You had 4 spell levels left.
You didn't know any spells.
Your spell library was empty.

Dungeon Overview and Level Annotations

Branches:
Dungeon (4/15)
 Temple: D:4-7

Altars:
Dithmenos

Annotations:
D:3 Grinder
D:4 Ijyb


Message History

* * * LOW HITPOINT WARNING * * *
Throwing (i - inventory. (/) - cycle)
d - 3 throwing nets (quivered)
Press: ? - help, Shift-Dir - straight line, f - Ijyb
Aim: Ijyb, wearing a +0 ring mail and carrying a wand of acid (8)
You throw a throwing net. The throwing net hits Ijyb.
Ijyb is caught in the net!
Ijyb struggles against the net.
You are too injured to fight recklessly!
Ijyb struggles against the net.
An orc comes into view. It is wielding a +0 hand axe.
A worker ant comes into view.
Found a fuming inky potion.
Evoke which item? (* to show all) (? for menu, Esc to quit)
Attack whom?
Press: ? - help, Dir - move target cursor, f/p - Ijyb
Aim: Ijyb, wearing a +0 ring mail and carrying a wand of acid (8) (entangled in a net)
You reach to attack!
The orc shouts!
The worker ant twitches its antennae in your direction.
You hit Ijyb but do no damage.
Ijyb zaps a wand.
The bolt of acid hits you!!
You die...

!...a..#
#####......#
..o.......#.#
.........#.#
..........
g..[.....
#######.....###
.......@.......
#######...##.#.
..###...##
..........<#
###.###.####
.... #..## #..
#.%


You could see Ijyb (caught), a worker ant and an orc.

Vanquished Creatures
  3 adders
  An ooze (D:2)
  4 worms (D:2)
  3 dart slugs
  3 leopard geckos
  7 giant cockroaches
  10 goblins
  4 hobgoblins
  6 jackals
  A quokka (D:2)
  3 ball pythons
  5 bats
  4 frilled lizards
  3 kobolds
  9 rats
66 creatures vanquished.

Notes
Turn   | Place    | Note
-------+----------+-------------------------------------------
     0 | D:1      | misha the Merfolk Gladiator began the quest for the Orb.
     0 | D:1      | Reached XP level 1. HP: 16/16 MP: 1/1
   114 | D:1      | Reached skill level 5 in Polearms
   114 | D:1      | Reached XP level 2. HP: 13/23 MP: 2/2
   711 | D:1      | Reached XP level 3. HP: 27/28 MP: 3/3
  1394 | D:2      | Reached skill level 6 in Polearms
  1763 | D:2      | Reached XP level 4. HP: 27/35 MP: 4/4
  2832 | D:3      | Noticed Grinder
  2954 | D:3      | Found a shadowy altar of Dithmenos.
  2983 | D:3      | Reached skill level 7 in Polearms
  3043 | D:3      | Reached XP level 5. HP: 37/41 MP: 5/5
  3058 | D:4      | Noticed Ijyb
  3066 | D:4      | Killed from afar by Ijyb

Skill      XL: |  1  2  3  4 |
---------------+-------------+-----
Polearms       | 5 6 7 |  7.1
Fighting       | 3 |  3.5
Throwing       | |  2.0
Dodging        | |  4.0

Action                   |  1- 3 |  4- 6 || total
-------------------------+-------+-------++-------
Melee: Trident           |   125 |   122 ||   247
Throw: Throwing net      |       |     1 ||     1
 Stab: Sleeping          |     1 |     1 ||     2
  Eat: Ration            |     1 |       ||     1
       Chunk             |       |     3 ||     3
Armor: Leather armour    |    15 |    17 ||    32
Dodge: Dodged            |    53 |    59 ||   112
